 Dungeon Crawl Stone Soup version 0.31-a0-180-g519b7de00c (webtiles) character file.

Game seed: 6239561134934894330

571 funkygono the Covered (level 7, -9/61 HPs)
             Began as a Minotaur Fighter on June 19, 2023.
             Killed from afar by an acid dragon (16 damage)
             ... with a splash of acid
             ... on level 5 of the Dungeon.
             The game lasted 00:07:05 (4121 turns).

funkygono the Covered (Minotaur Fighter)            Turns: 4121, Time: 00:07:06

Health: -9/61      AC:  3    Str: 23    XL:     7   Next: 11%
Magic:  6/6        EV:  8    Int:  5    God:
Gold:   421        SH:  4    Dex:  9    Spells: 6/6 levels left

rFire   . . .        a - +1 war axe
rCold   . . .        c - +0 buckler
rNeg    . . .        g - +0 chain mail
rPois   .            (helmet restricted)
rElec   .            f - +0 cloak
rCorr   .            (no gloves)
SInv    .            (no boots)
Will    .....        (no amulet) Stlth
                     (no ring)
HPRegen 0.30/turn    (no ring)
MPRegen 0.10/turn

%: no passive effects
@: corroded
A: horns 2, retaliatory headbutt
a: no special abilities


You were on level 5 of the Dungeon.
You visited 1 branch of the dungeon, and saw 5 of its levels.

You collected 421 gold pieces.

Inventory:

Hand Weapons
 a - a +1 war axe (weapon)
Missiles
 e - 39 stones (quivered)
 j - 12 poisoned darts
 n - 2 silver javelins
Armour
 c - a +0 buckler (worn)
 f - a +0 cloak (worn)
 g - a +0 chain mail (worn)
Scrolls
 b - a scroll of teleportation
 h - a scroll of revelation
 k - a scroll of enchant weapon
Potions
 d - 2 potions of might
 i - 2 potions of curing
 l - a potion of ambrosia
 m - a potion of invisibility
 o - a potion of mutation {unknown}
 p - 2 potions of haste
 q - 2 potions of attraction {unknown}


   Skills:
 + Level 5.4 Fighting
 + Level 5.7 Axes
 + Level 0.4 Throwing
 + Level 6.1 Armour
 + Level 2.0 Dodging
 + Level 0.3 Stealth
 + Level 4.3 Shields


You had 6 spell levels left.
You didn't know any spells.
Your spell library was empty.

Dungeon Overview and Level Annotations

Branches:
Dungeon (5/15)
 Temple: D:4-7

Altars:
Ashenzari
Gozag
Hepliaklqana


Innate Abilities, Weirdness & Mutations

You have a pair of horns on your head.
You reflexively headbutt those who attack you in melee.


Message History

The acid dragon spits acid at you. The splash of acid hits you!
The acid corrodes you!
You hit the acid dragon but do no damage.
The acid dragon is lightly wounded.
The acid dragon closely misses you. You furiously retaliate!
You headbutt the acid dragon, but do no damage.
The acid dragon barely misses you.
You slash the acid dragon!
The acid dragon is heavily wounded.
The acid dragon spits acid at you. The splash of acid hits you!!
You completely miss the acid dragon.
The acid dragon is heavily wounded.
You block the acid dragon's attack. The acid dragon closely misses you.
You slash the acid dragon!
The acid dragon is severely wounded.
The acid dragon bites you. The acid dragon claws you.
The acid dragon bites you!
The acid dragon claws you but does no damage.
You hit the acid dragon but do no damage.
The acid dragon is severely wounded.
You block the acid dragon's attack. The acid dragon barely misses you.
You hit the acid dragon.
The acid dragon is almost dead.
The acid dragon spits acid at you. The splash of acid hits you!
* * * LOW HITPOINT WARNING * * *
The acid corrodes you!
You hit the acid dragon.
The acid dragon is almost dead.
The acid dragon barely misses you. x2
You closely miss the acid dragon.
The acid dragon is almost dead.
The acid dragon bites you.
* * * LOW HITPOINT WARNING * * *
The acid dragon claws you.
* * * LOW HITPOINT WARNING * * *
The acid dragon spits acid at you. The splash of acid hits you!
You die...

#.#...## #.#...##
###'#..#).
###...##....
##+#......##...
##..#..#)#..####
###...#...#....#
##D.$#.#..#.#..##
#.@#...'......##
##..$#.###...##
###...# #####
##..# ####


You could see an acid dragon (catching breath).

Vanquished Creatures
  A centaur (D:5)
  2 scorpions
  A hound (D:4)
  An orc priest (D:4)
  A sleepcap (D:5)
  2 iguanas (D:5)
  Natasha (thrice) (D:4)
  An orc wizard (D:5)
  2 adders (D:4)
  An ufetubus (D:4)
  2 worms
  2 dart slugs
  3 orcs
  7 ball pythons
  7 bats
  9 endoplasms
  3 giant cockroaches
  6 goblins
  11 hobgoblins
  13 jackals
  3 quokkas
  5 frilled lizards
  11 kobolds
  5 rats
102 creatures vanquished.

Notes
Turn   | Place    | Note
-------+----------+-------------------------------------------
     0 | D:1      | funkygono the Minotaur Fighter began the quest for the Orb.
     0 | D:1      | Reached XP level 1. HP: 19/19 MP: 0/0
   145 | D:1      | Reached XP level 2. HP: 21/27 MP: 1/1
   293 | D:1      | Reached skill level 4 in Armour
   295 | D:1      | Found a faded altar of an unknown god.
   462 | D:1      | Reached XP level 3. HP: 33/33 MP: 2/2
   957 | D:2      | Found a broken altar of Ashenzari.
  1521 | D:2      | Reached XP level 4. HP: 40/40 MP: 3/3
  2603 | D:3      | Found an opulent altar of Gozag.
  3091 | D:4      | Reached skill level 1 in Dodging
  3161 | D:4      | Noticed Natasha
  3168 | D:4      | Killed Natasha
  3175 | D:4      | Reached XP level 5. HP: 44/47 MP: 4/4
  3344 | D:4      | Reached skill level 5 in Armour
  3495 | D:4      | Reached skill level 5 in Fighting
  3495 | D:4      | Reached XP level 6. HP: 37/56 MP: 5/5
  3582 | D:4      | Noticed Natasha
  3591 | D:4      | Killed Natasha
  3629 | D:4      | Noticed Natasha
  3635 | D:4      | Killed Natasha
  3795 | D:5      | Entered Level 5 of the Dungeon
  3799 | D:5      | Reached skill level 5 in Axes
  3968 | D:5      | Found a hazy altar of Hepliaklqana.
  4030 | D:5      | Reached skill level 6 in Armour
  4030 | D:5      | Reached XP level 7. HP: 57/61 MP: 6/6
  4121 | D:5      | Killed from afar by an acid dragon

Illustrated notes

Levels and vault maps discovered:
D:1:      psy_arrival_terrarium, layout_basic, chequers_ecumenical_altar_lobes
D:2:      layout_basic, basic_altar, dreamdust_princess_bridge
D:3:      layout_basic, grunt_gozag_statues
D:4:      layout_cave_pools, minmay_misc_feat_roman, minmay_quadrilaterals,
          uniq_natasha
D:5:      minmay_polygon_palace, layout_basic, kennysheep_little_box,
          minmay_temple_entry_hall, kennysheep_generic_room_7, uniq_sigmund,
          uniq_grinder

Skill      XL: |  1  2  3  4  5  6  7 |
---------------+----------------------+-----
Armour         | 4 5 6 |  6.1
Axes           | 3 4 5 |  5.7
Shields        | 4 |  4.3
Fighting       | 4 5 |  5.4
Dodging        | 1 2 |  2.0
Throwing       | |  0.4
Stealth        | |  0.3

Action                     |  1- 3 |  4- 6 |  7- 9 || total
---------------------------+-------+-------+-------++-------
  Melee: War axe           |   102 |   117 |    13 ||   232
         Headbutt          |    10 |    15 |     1 ||    26
  Throw: Stone             |       |     5 |       ||     5
    Use: Scroll            |     3 |     4 |       ||     7
 Armour: Scale mail        |    56 |       |       ||    56
         Chain mail        |     2 |    70 |     7 ||    79
  Dodge: Dodged            |    50 |    57 |     8 ||   115
  Block: Buckler           |    26 |    29 |     2 ||    57

Table legend: (Time is in decaauts)
 A = Elapsed time spent in this place.
 B = Non-inter-level travel time spent in this place.
 C = Inter-level travel time spent in this place.
 D = Time resting spent in this place.
 E = Time spent auto-exploring this place.
 F = Levels seen in this place.
 G = Mean time per level.
                   A        B        C        D        E       F      G
               +--------+--------+--------+--------+--------+-----+--------+
         Total |   4200 |   4136 |     64 |      0 |   3313 |   5 |  840.0 |
       Dungeon |   4200 |   4136 |     64 |      0 |   3313 |   5 |  840.0 |
               +--------+--------+--------+--------+--------+-----+--------+

Top non-repeatable levels by time:
     D:2: 1170 daAuts
     D:1: 978 daAuts
     D:3: 967 daAuts
     D:4: 749 daAuts
     D:5: 333 daAuts
